 Dungeon Sprint DCSS version 0.28-a0-1184-g53156a8862 (webtiles) character file.

Game seed: 105075862596778556

1189 Joey1 the Basher (level 8, -4/86 HPs)
             Began as a Hill Orc Berserker on Dec 17, 2021.
             Was a Believer of Trog.
             Succumbed to Sonja's poison
             ... in the Dungeon (Sprint I: "Red Sonja").
             The game lasted 00:02:17 (509 turns).

Joey1 the Basher (Hill Orc Berserker)                Turns: 509, Time: 00:02:17

Health: -4/86      AC:  2    Str: 22    XL:     8   Next: 43%
Magic:  8/8        EV: 13    Int:  7    God:    Trog [**....]
Gold:   297        SH:  0    Dex: 10    Spells: 7/7 levels left

rFire   . . .      SeeInvis .   a - +0 mace
rCold   . . .      Faith    .   (no shield)
rNeg    . . .      Spirit   .   b - +0 animal skin
rPois   .          Reflect  .   (no helmet)
rElec   .          Harm     .   (no cloak)
rCorr   .          Rampage  .   (no gloves)
Will    ++...      NoTele   +   (no boots)
Stlth   +.........              (no amulet)
HPRegen 1.24/turn               (no ring)
MPRegen 0.11/turn               (no ring)

@: lethally poisoned (-4 -> -41), strong-willed (expiring), on berserk cooldown,
regenerating (expiring), slowed, very slow
A: no striking features
a: Renounce Religion, Berserk, Trog's Hand


You were in the Dungeon.
You worshipped Trog.
Trog was pleased with you.
You visited 1 branch You collected 297 gold pieces.

Inventory:

Hand Weapons
 a - a +0 mace (weapon)
Armour
 b - a +0 animal skin (worn)
Wands
 i - a wand of flame (29)
Scrolls
 h - a scroll of blinking
 j - a scroll of vulnerability {unknown}
Potions
 c - a potion of curing
 d - a potion of heal wounds
 e - a potion of haste
 f - 2 potions of magic
 g - a potion of berserk rage


   Skills:
 + Level 13.2 Fighting
 + Level 13.5 Maces & Flails
 + Level 6.1 Armour
 + Level 5.4 Dodging
 + Level 0.4 Stealth


You had 7 spell levels left.
You didn't know any spells.
Your spell library was empty.

Dungeon Overview and Level Annotations

Branches:
Dungeon (1/1)

Altars:
Cheibriados
Dithmenos
Elyvilon
Fedhas
Gozag
Hepliaklqana
Kikubaaqudgha
Makhleb
Nemelex Xobeh
Okawaru
Qazlal
Ru
Sif Muna
Trog
Uskayaw
Vehumet
Wu Jian
Xom
Yredelemnul
Zin
The Shining One
Jiyva
Lugonu

Shops:
D [


Message History

You are more poisoned.
You thump Sonja!
Sonja is severely wounded.
You feel extremely sick.
Sonja hits you with a +1 short sword of venom.
You are lethally poisoned!
Sonja barely misses you. x2
You are too injured to fight recklessly!
You are too injured to fight recklessly!
Unknown command.
You miss Sonja.
Sonja is severely wounded.
You feel extremely sick.
Sonja twirls her cape.
Sonja hits you with a +1 short sword of venom.
* * * LOW HITPOINT WARNING * * *
You are more poisoned.
Sonja hits you with a +1 short sword of venom.
* * * LOW HITPOINT WARNING * * *
You are more poisoned.
Sonja barely misses you.
You thump Sonja!
You kill Sonja!
Trog accepts your kill.
Trog appreciates your killing of a magic user.
* * * LOW HITPOINT WARNING * * *
You feel extremely sick.
Your Fighting skill gained 2 levels and is now at level 13!
Your Maces & Flails skill increases to level 13!
Your Armour skill increases to level 6!
Your Dodging skill increases to level 5!
You have reached level 8!
* * * LOW HITPOINT WARNING * * *
You feel extremely sick.
You feel a strong urge to attack something.
You are no longer berserk.
You are exhausted.
You feel as though you will be slow longer.
You feel the effects of Trog's Hand fading.
You die...

###################
#<.#..)..#..'..#__#
#..').#..').#..'..+
#..#####'#####'#__#
#..####..#...#.# ##
#..#__####..##:#
#..#_____##'#_.+
#⌠⌠#_.∩...†).._#
####_..__##_@#+#
#_____###'# #######
#.# $.$ $.$ ##.##
#+#


There were no monsters in sight!

Vanquished Creatures
  Sonja (D)
  A slime creature (D)
  Sigmund (D)
  A yak (D)
  An ogre (D)
  A jelly (D)
  Ijyb (D)
7 creatures vanquished.

Notes
Turn   | Place    | Note
-------+----------+-------------------------------------------
     0 | D        | Joey1 the Hill Orc Berserker began the quest for the Orb.
     0 | D        | Reached XP level 1. HP: 19/19 MP: 1/1
     3 | D        | Noticed Ijyb
     7 | D        | Killed Ijyb
     8 | D        | Reached skill level 5 in Fighting
     8 | D        | Reached skill level 5 in Maces & Flails
     8 | D        | Reached XP level 2. HP: 29/29 MP: 2/2
     8 | D        | Reached XP level 3. HP: 36/36 MP: 3/3
    47 | D        | Noticed an ogre
    51 | D        | Killed an ogre
    52 | D        | Reached XP level 4. HP: 36/47 MP: 4/4
   207 | D        | Noticed Sigmund
   216 | D        | Killed Sigmund
   216 | D        | Reached ** piety under Trog
   217 | D        | Reached XP level 5. HP: 57/57 MP: 5/5
   217 | D        | Reached XP level 6. HP: 64/64 MP: 6/6
   272 | D        | Found an ornate altar of the Wu Jian Council.
   272 | D        | Found a shimmering blue altar of Sif Muna.
   274 | D        | Found a radiant altar of Vehumet.
   342 | D        | Found a burning altar of Makhleb.
   342 | D        | Found a viscous altar of Jiyva.
   342 | D        | Found a shimmering altar of Xom.
   342 | D        | Found a corrupted altar of Lugonu.
   342 | D        | Noticed a slime creature
   356 | D        | Killed a slime creature
   357 | D        | Reached skill level 5 in Armour
   357 | D        | Reached XP level 7. HP: 74/74 MP: 7/7
   414 | D        | Found Tykihugu's Armour Emporium.
   414 | D        | Found an ancient bone altar of Kikubaaqudgha.
   414 | D        | Found a hazy altar of Hepliaklqana.
   414 | D        | Found a stormy altar of Qazlal.
   414 | D        | Found a hide-covered altar of Uskayaw.
   414 | D        | Found a blossoming altar of Fedhas.
   414 | D        | Found a bloodstained altar of Trog.
   414 | D        | Found an iron altar of Okawaru.
   414 | D        | Found a basalt altar of Yredelemnul.
   414 | D        | Found a glowing golden altar of the Shining One.
   414 | D        | Found a snail-covered altar of Cheibriados.
   414 | D        | Found a sacrificial altar of Ru.
   414 | D        | Found a glowing silver altar of Zin.
   414 | D        | Found a shadowy altar of Dithmenos.
   414 | D        | Found a white marble altar of Elyvilon.
   414 | D        | Noticed a yak
   420 | D        | Killed a yak
   421 | D        | Found an opulent altar of Gozag.
   422 | D        | Found a sparkling altar of Nemelex Xobeh.
   500 | D        | Noticed Sonja
   507 | D        | Killed Sonja
   508 | D        | Reached skill level 5 in Dodging
   508 | D        | Reached XP level 8. HP: 22/86 MP: 8/8
   509 | D        | Succumbed to Sonja's poison

Illustrated notes

Levels and vault maps discovered:
D:        dungeon_sprint_1 [red_sonja_temple_1, red_sonja_temple_small_1]

Skill      XL: |  1  2  3  4  5  6  7 |
---------------+----------------------+-----
Fighting       | 5 7 9 11 13 | 13.2
Maces & Flails | 5 7 9 11 13 | 13.5
Dodging        | 2 3 4 5 |  5.4
Armour         | 3 4 5 6 |  6.1
Stealth        | |  0.4

Action                   |  1- 3 |  4- 6 |  7- 9 || total
-------------------------+-------+-------+-------++-------
Melee: Mace              |     6 |    21 |    10 ||    37
Invok: Berserk           |     2 |     2 |     2 ||     6
       Trog's Hand       |       |       |     1 ||     1
Armor: Animal skin       |       |     1 |       ||     1
Dodge: Dodged            |       |     6 |     8 ||    14

Table legend: (Time is in decaauts)
 A = Elapsed time spent in this place.
 B = Non-inter-level travel time spent in this place.
 C = Inter-level travel time spent in this place.
 D = Time resting spent in this place.
 E = Time spent auto-exploring this place.
 F = Levels seen in this place.
 G = Mean time per level.
                   A        B        C        D        E       F      G
               +--------+--------+--------+--------+--------+-----+--------+
         Total |    559 |    559 |      0 |    432 |      0 |   1 |  559.0 |
       Dungeon |    559 |    559 |      0 |    432 |      0 |   1 |  559.0 |
               +--------+--------+--------+--------+--------+-----+--------+

Top non-repeatable levels by time:
       D: 559 daAuts
